 Dungeon Crawl Stone Soup version 0.29-a0-791-ga0f254aafb (webtiles) character file.

Game seed: 12508066699357829250

53 Garessta the Changer (level 3, -2/23 HPs)
             Began as an Octopode Transmuter on July 3, 2022.
             Was a Believer of Fedhas.
             Slain by Sigmund
             ... wielding a +0 scythe of protection
              (4 damage)
             ... on level 2 of the Dungeon.
             The game lasted 00:02:49 (1992 turns).

Garessta the Changer (Octopode Transmuter)          Turns: 1992, Time: 00:02:50

Health: -2/23      AC:  1    Str:  9    XL:     3   Next: 89%
Magic:  5/6        EV: 13    Int: 17    God:    Fedhas [**....]
Gold:   146        SH:  0    Dex: 12    Spells: 3/6 levels left

rFire   . . .      SeeInvis .     - Unarmed
rCold   . . .      Faith    .   (no shield)
rNeg    . . .      Spirit   .   (helmet restricted)
rPois   .          Reflect  .   (no amulet)
rElec   .          Harm     .   d - ring of willpower
rCorr   .          Rampage  .   (no ring)
Will    +....                   (no ring)
Stlth   ++........              (no ring)
HPRegen 0.07/turn               (no ring)
MPRegen 0.10/turn               (no ring)
                                (no ring)
                                (no ring)

@: wereblooded (expiring)
A: almost no armour, amphibious, 8 rings, camouflage 1, gelatinous body 1,
(nimble swimmer 1), tentacles
a: Renounce Religion, Wall of Briars


You were on level 2 of the Dungeon.
You worshipped Fedhas.
Fedhas was pleased with you.
You visited 1 branch of the dungeon, and saw 3 of its levels.

You collected 146 gold pieces.

Inventory:

Missiles
 k - a throwing net
Jewellery
 d - a ring of willpower (left tentacle)
Scrolls
 c - a scroll of immolation {unknown}
 f - 2 scrolls of enchant armour {unknown}
 h - a scroll of identify {unknown}
 i - a scroll of enchant weapon {unknown}
 j - a scroll of poison {unknown}
Potions
 a - a potion of lignification
 b - a potion of resistance {unknown}
 e - a potion of brilliance {unknown}
 g - a potion of might {unknown}
 l - a potion of degeneration {unknown}


   Skills:
 - Level 1.0 Fighting
 - Level 2.0 Dodging
 - Level 3.0 Unarmed Combat
 - Level 2.0 Spellcasting
 + Level 4.1 Transmutations


You had 3 spell levels left.
You knew the following spells:

 Your Spells              Type           Power      Damage    Failure   Level
a - Beastly Appendage     Tmut           30%        N/A       3%          1
b - Wereblood             Tmut           15%        N/A       5%          2

Your spell library contained the following spells:

 Spells                   Type           Power      Damage    Failure   Level
 Spider Form              Tmut/Pois      8%         N/A       26%         3
 Gell's Gravitas          Tloc           1%         N/A       50%         3
 Lesser Beckoning         Tloc           1%         N/A       50%         3
 Teleport Other           Tloc           1%         N/A       50%         3
 Ice Form                 Ice/Tmut       8%         N/A       63%         4


Dungeon Overview and Level Annotations

Branches:
Dungeon (3/15)

Altars:
Fedhas

Annotations:
D:2 Sigmund


Innate Abilities, Weirdness & Mutations

You cannot wear most types of armour.
You are amphibious.
You can wear up to eight rings at the same time.
Your skin changes colour to match your surroundings (Stealth+).
Your rubbery body absorbs attacks. (AC +1, EV +1)
((You are camouflaged when in or above water. (Stealth+)))
You have tentacles for arms and can constrict up to eight enemies at once.


Message History

A goblin comes into view. It is wielding a +0 club.
The kobold hits you with a +0 short sword.
You closely miss the kobold. Your grab misses the kobold.
The kobold barely misses you.
Sigmund the Dreaded comes into view.
He is wielding a +0 scythe of protection.
You tentacle-slap the kobold. Your grab misses the kobold.
You pierce the kobold, but do no damage.
The kobold is severely wounded.
The kobold hits you with a +0 short sword.
You tentacle-slap the kobold.
You feel a bit better.
You kill the kobold!
Fedhas appreciates your contribution to the ecosystem.
Sigmund casts a spell.
Sigmund flickers and vanishes!
Deactivating autopickup; reactivate with Ctrl-A.
You howl as the wereblood boils in your veins!
You tentacle-slap the goblin.
You feel a bit better.
You kill the goblin!
Fedhas appreciates your contribution to the ecosystem.
You howl as the wereblood boils in your veins!
Your transformation is almost over.
Something hits you!
Ouch! That really hurt!
You tentacle-slap something. Your squeeze misses something. Something hits you.
You completely miss something.
You pierce something.
Something hits you!
* * * LOW HITPOINT WARNING * * *
You closely miss something.
Your tentacle spike misses something.
You closely miss something.
Your tentacle spike misses something.
Your squeeze misses something.
Your primal bloodlust is almost over.
Something barely misses you.
You barely miss something. You tentacle-slap something. You squeeze something.
Something barely misses you.
You tentacle-slap something but do no damage.
Your tentacle spike misses something.
Your tentacle spike disappears.
Something hits you.
You die...
Fedhas appreciates your contribution to the ecosystem.

######.############
####### #.#
###.##### #.......#
###.#.###.#
...#.###.#
####.#..##.#######
.....).......).{.#
####.#..##.#####@#
#....##.# #.#
#.....#.# #.#
.........# #.#
#####.##### #.# #.#
#.# #.# #.. ###


There were no monsters in sight!

Vanquished Creatures
  An adder (D:2)
  A worm (D:2)
  A dart slug (D:2)
  2 ball pythons (D:1)
  4 bats
  3 endoplasms
  4 giant cockroaches
  4 goblins
  3 hobgoblins
  2 jackals (D:3)
  A quokka (D:1)
  3 frilled lizards
  4 kobolds
  3 rats
36 creatures vanquished.

Notes
Turn   | Place    | Note
-------+----------+-------------------------------------------
     0 | D:1      | Garessta the Octopode Transmuter began the quest for the
                  | Orb.
     0 | D:1      | Reached XP level 1. HP: 13/13 MP: 3/3
   273 | D:1      | Found a faded altar of an unknown god.
   279 | D:1      | Reached XP level 2. HP: 11/18 MP: 3/5
   414 | D:1      | Prayed at the altar of an unknown god.
   414 | D:1      | Became a worshipper of Fedhas Madash
   414 | D:1      | Reached * piety under Fedhas
   597 | D:1      | Reached skill level 3 in Transmutations
   768 | D:1      | Learned a level 2 spell: Wereblood
  1245 | D:2      | You fall into a shaft and drop 1 floor!
  1262 | D:3      | Reached XP level 3. HP: 21/23 MP: 6/6
  1596 | D:2      | Reached ** piety under Fedhas
  1715 | D:2      | Reached skill level 4 in Transmutations
  1968 | D:2      | Noticed Sigmund
  1992 | D:2      | Slain by Sigmund

Illustrated notes

Levels and vault maps discovered:
D:1:      saegor_arrival_simple_c, layout_loops_ring,
          shapermc_ecumenical_altar_notcrosses, moated_statue, minivault_24,
          minmay_octomino_j4
D:2:      layout_loops_corners, wander_ebering_terrifying_dragon_lair,
          uniq_sigmund
D:3:      layout_basic, serial_glass, glass_columns_b, glass_columns_b,
          glass_columns_c, glass_columns_a, glass_columns_a, glass_columns_a,
          minmay_strange_pillars, due_unseen_surprise, item_on_display_a,
          nicolae_grassy_gnolls, uniq_natasha, uniq_crazy_yiuf_cottage

Skill      XL: |  1  2  3 |
---------------+----------+-----
Transmutations | 3 4 |  4.1
Fighting       | |  1.0
Dodging        | |  2.0
Unarmed Combat | |  3.0
Spellcasting   | |  2.0

Action                   || total
-------------------------++-------
Melee: Unarmed           ||    80
       Constrict         ||    21
       Kick              ||    23
       Tentacles         ||    19
 Cast: Beastly Appendage ||    22
       Wereblood         ||     3
 Stab: Sleeping          ||     6
Armor: Skin              ||     2
Dodge: Dodged            ||    35

Table legend: (Time is in decaauts)
 A = Elapsed time spent in this place.
 B = Non-inter-level travel time spent in this place.
 C = Inter-level travel time spent in this place.
 D = Time resting spent in this place.
 E = Time spent auto-exploring this place.
 F = Levels seen in this place.
 G = Mean time per level.
                   A        B        C        D        E       F      G
               +--------+--------+--------+--------+--------+-----+--------+
         Total |   1986 |   1964 |     22 |     39 |   1647 |   3 |  662.0 |
       Dungeon |   1986 |   1964 |     22 |     39 |   1647 |   3 |  662.0 |
               +--------+--------+--------+--------+--------+-----+--------+

Top non-repeatable levels by time:
     D:1: 1182 daAuts
     D:2: 512 daAuts
     D:3: 291 daAuts
